Map: Lightshade LE

Players

Namshar - Winner!

  • Race: Zerg Zerg
  • League: Grandmaster
  • Spawn Location: 11:00

PattyMac

  • Race: Protoss Protoss
  • League: Grandmaster
  • Spawn Location: 5:00

Event: DreamHack SC2 Masters 2020 Winter

VOD

Have the link to the VOD?

Description

Time

  • Played on: Oct. 30, 2020, 5:27 p.m.
  • Length: 11:22

All games in this series

Show
View Real Time Build Order
Export as new Build Order

Namshar Zerg - Winner!

Build Orders: Pool First, Swarm Host 

Get SALT Encoding   

  12  0:01  Drone  
  13  0:14  Overlord  
  13  0:17  Drone  
  14  0:32  Drone x2  
  16  0:36  Drone  
  17  0:45  Spawning Pool  
  17  0:49  Drone  
  17  1:00  Drone  
  18  1:15  Hatchery  
  17  1:32  Zergling x6  
  20  1:46  Drone  
  21  1:48  Hatchery  
  20  1:57  Queen  
  22  2:02  Extractor  
  22  2:04  Overlord  
  21  2:09  Drone  
  22  2:24  Drone  
  22  2:26  Drone  
  24  2:33  Queen  
  24  2:46  Drone  
  24  2:48  Drone  
  25  3:01  Metabolic Boost  
  25  3:03  Zergling x4  
  27  3:08  Zergling x2  
  27  3:09  Overlord  
  27  3:12  Drone x4  
  32  3:20  Queen  
  32  3:21  Overlord  
  33  3:34  Drone  
  33  3:35  Drone x2  
  36  3:42  Zergling x12  
  36  3:47  Spore Crawler  
  41  3:49  Spore Crawler  
  41  3:50  Drone  
  41  3:53  Drone  
  42  4:07  Hatchery  
  40  4:18  Zergling x4  
  40  4:19  Drone  
  40  4:23  Drone x5  
  46  4:31  Drone  
  46  4:32  Drone x3  
  48  4:42  Queen, Overlord  
  48  4:44  Drone  
  51  4:47  Drone  
  52  4:55  Overlord  
  52  4:56  Overlord  
  52  5:00  Queen  
  52  5:03  Drone x4  
  58  5:08  Drone  
  58  5:09  Drone  
  60  5:16  Drone x2  
  60  5:19  Queen  
  60  5:20  Spore Crawler  
  63  5:24  Drone x4  
  67  5:29  Roach Warren  
  67  5:31  Drone  
  67  5:39  Drone x6  
  73  5:42  Extractor  
  73  5:43  Extractor  
  73  5:45  Lair  
  71  5:51  Evolution Chamber, Overlord  
  71  5:57  Drone x5, Extractor  
  74  5:59  Overlord  
  74  6:03  Overlord x2  
  74  6:13  Drone  
  74  6:14  Drone x6  
  74  6:17  Zerg Missile Weapons Level 1  
  81  6:18  Overlord  
  81  6:26  Drone x4  
  81  6:28  Extractor x2, Roach  
  81  6:29  Roach x3  
  91  6:34  Overlord x2  
  91  6:40  Drone x2  
  91  6:41  Drone  
  91  6:42  Roach x2  
  98  6:47  Queen  
  98  6:49  Glial Reconstitution  
  98  6:54  Overseer  
  100  6:55  Overseer  
  100  7:01  Queen  
  100  7:03  Drone  
  100  7:05  Overlord x2  
  100  7:06  Roach x5  
  113  7:17  Hatchery  
  113  7:18  Infestation Pit  
  113  7:19  Roach x2  
  114  7:30  Overlord x2  
  114  7:33  Overlord x2  
  114  7:57  Swarm Host x7  
  114  7:58  Swarm Host x2  
  141  8:00  Overlord x4  
  141  8:06  Swarm Host x2  
  147  8:13  Swarm Host x2  
  147  8:19  Drone  
  154  8:20  Roach x4  
  154  8:21  Roach  
  164  8:31  Roach x7  
  164  8:32  Extractor  
  177  8:37  Roach x3  
  177  8:40  Zergling x12  
  189  8:44  Ravager  
  189  8:46  Ravager  
  191  8:49  Zergling x4  
  191  8:50  Ravager  
  186  9:12  Roach  
  186  9:13  Roach x5  
  198  9:19  Roach  
  190  9:24  Ravager x3  
  190  9:25  Ravager x3  
  190  9:29  Roach x4  
  198  9:37  Ravager x2  
  194  9:39  Roach  
  184  10:03  Roach  
  184  10:04  Roach x7  
  192  10:07  Roach x5  
  192  10:12  Queen  
  195  10:21  Roach x9  
  193  10:22  Swarm Host  
  193  10:23  Swarm Host x3  
  199  10:31  Extractor  
  198  10:38  Hatchery  
  197  10:48  Ravager x2  
  199  10:53  Roach x3  
Show
View Real Time Build Order
Export as new Build Order

PattyMac Protoss 

Build Orders: Oracle Opening, Archon Immortal 

Get SALT Encoding   

  12  0:00  Probe  
  13  0:12  Probe  
  14  0:18  Pylon  
  14  0:25  Probe (Chrono Boost)  
  15  0:37  Probe (Chrono Boost)  
  15  0:38  Gateway  
  16  0:45  Probe (Chrono Boost)  
  16  0:46  Assimilator  
  17  0:51  Probe  
  18  1:03  Probe  
  19  1:15  Probe  
  20  1:24  Gateway  
  20  1:26  Cybernetics Core, Zealot (Chrono Boost)  
  20  1:31  Pylon  
  23  1:32  Probe  
  23  1:37  Assimilator  
  23  1:49  Probe  
  25  2:01  Probe  
  25  2:05  Warp Gate  
  27  2:09  Adept (Chrono Boost)  
  27  2:11  Adept (Chrono Boost)  
  27  2:13  Probe  
  30  2:17  Pylon  
  30  2:25  Probe  
  29  2:39  Probe  
  28  2:48  Stargate  
  28  2:51  Probe  
  28  2:57  Adept  
  31  2:59  Adept  
  31  3:03  Probe  
  34  3:33  Oracle (Chrono Boost)  
  37  3:45  Probe  
  38  3:51  Pylon  
  38  3:54  Nexus  
  38  3:57  Probe  
  39  4:09  Probe, Oracle (Chrono Boost)  
  43  4:21  Probe  
  43  4:23  Adept x2  
  40  4:34  Probe  
  41  4:46  Probe  
  41  4:48  Zealot x2  
  46  4:59  Probe (Chrono Boost)  
  47  5:00  Void Ray (Chrono Boost)  
  51  5:08  Probe (Chrono Boost)  
  51  5:13  Nexus  
  53  5:16  Probe (Chrono Boost)  
  53  5:17  Probe (Chrono Boost)  
  54  5:23  Pylon  
  54  5:26  Probe  
  55  5:28  Probe  
  55  5:33  Assimilator  
  56  5:36  Assimilator  
  56  5:38  Probe  
  56  5:40  Pylon, Probe  
  58  5:50  Probe  
  58  5:53  Twilight Council, Probe  
  58  5:56  Shield Battery  
  60  6:03  Probe (Chrono Boost)  
  61  6:05  Probe (Chrono Boost)  
  61  6:08  Forge  
  62  6:13  Robotics Facility  
  62  6:17  Probe (Chrono Boost)  
  64  6:21  Probe (Chrono Boost)  
  64  6:24  Probe (Chrono Boost)  
  65  6:27  Probe (Chrono Boost)  
  65  6:31  Probe (Chrono Boost)  
  65  6:32  Charge, Probe (Chrono Boost)  
  68  6:35  Templar Archives  
  68  6:38  Probe (Chrono Boost)  
  68  6:39  Protoss Ground Weapons Level 1 (Chrono Boost)  
  70  6:40  Probe (Chrono Boost)  
  70  6:41  Probe (Chrono Boost)  
  70  6:43  Probe (Chrono Boost)  
  70  6:46  Gateway, Probe  
  73  6:57  Pylon, Sentry  
  73  6:58  Sentry  
  77  7:02  Gateway  
  77  7:03  Probe x2  
  77  7:07  Probe  
  80  7:13  Immortal (Chrono Boost)  
  80  7:15  Probe x2  
  82  7:19  Probe  
  82  7:21  Shield Battery  
  87  7:26  Assimilator  
  87  7:27  Probe x2  
  89  7:31  Assimilator, Probe  
  89  7:33  Pylon  
  90  7:39  Probe x2  
  90  7:42  Immortal (Chrono Boost)  
  90  7:43  Probe  
  94  7:51  Probe  
  94  7:52  Probe  
  94  7:54  Gateway  
  94  7:55  Gateway  
  94  7:56  Pylon  
  94  7:57  Pylon  
  96  8:00  High Templar x4  
  96  8:02  Shield Battery  
  96  8:03  Shield Battery  
  104  8:09  Archon x2  
  104  8:14  Immortal (Chrono Boost)  
  104  8:16  Pylon  
  104  8:19  Gateway  
  108  8:32  Gateway  
  108  8:33  Sentry x4  
  116  8:34  Psionic Storm, Gateway  
  116  8:36  Gateway  
  116  8:43  Pylon  
  116  8:49  Immortal (Chrono Boost)  
  120  8:57  Pylon  
  120  9:01  Zealot x5  
  130  9:08  Zealot  
  129  9:13  Zealot  
  125  9:21  Zealot x5  
  125  9:23  Immortal (Chrono Boost)  
  127  9:29  High Templar x3  
  127  9:31  Probe x2  
  134  9:35  High Templar  
  134  9:48  High Templar  
  134  9:50  Zealot x5  
  134  10:05  Zealot x2  
  134  10:06  Zealot  
  124  10:11  Zealot x6  
  110  10:23  Zealot  
  108  10:29  High Templar x3  
  108  10:30  Shield Battery  
  108  10:32  Shield Battery  
  108  10:33  Archon  
  108  10:34  Archon  
  108  10:35  High Templar  
  116  10:36  High Templar  
  118  10:42  Gateway  
  118  10:43  Immortal  
  118  10:47  Zealot x3  
  128  10:55  Zealot  
  112  11:03  Zealot x3  
  108  11:08  Zealot x3  
  108  11:09  Zealot x2  
  99  11:17  Archon  
Tags
 
Add a new tag
Caveats
  • Supply blocks, unpowered buildings, or Contaminate may cause inaccurate times.
  • Supply counts are checked every 10 seconds.